 Dungeon Crawl Stone Soup version 0.22-a0-419-g492bfec (console) character file.

971 ColorfulWitch the Skirmisher (level 7, -1/64 HPs)
             Began as a Demigod Wanderer on May 16, 2018.
             Slain by an ogre
             ... wielding a cursed +0 giant club
              (23 damage)
             ... on level 5 of the Dungeon.
             The game lasted 00:13:59 (6454 turns).

ColorfulWitch the Skirmisher (Demigod Wanderer)     Turns: 6454, Time: 00:13:59

Health: -1/64      AC: 10    Str: 21    XL:     7   Next: 62%
Magic:  10/10      EV:  7    Int: 17    God:
Gold:   161        SH:  3    Dex: 12    Spells: 6/6 levels left

rFire    . . .     SeeInvis .   (no weapon)
rCold    . . .     Gourm    .   c - +0 buckler
rNeg     + . .     Faith    .   t - +0 chain mail
rPois    .         Spirit   .   (no helmet)
rElec    .         Reflect  .   (no cloak)
rCorr    .         Harm     .   (no gloves)
MR       .....                  u - +0 pair of boots
Stlth    ..........             w - amulet of regeneration
HPRegen  0.60/turn              j - ring of positive energy
MPRegen  0.12/turn              (no ring)

@: no status effects
A: high mp 1
a: no special abilities


You were on level 5 of the Dungeon.
You were hungry.

You visited 1 branch of the dungeon, and saw 5 of its levels.

You collected 161 gold pieces.

Inventory:

Hand Weapons
 b - a +0 scimitar
 k - a +0 hunting sling
Missiles
 a - 36 arrows
 n - 233 stones (quivered)
 r - 32 sling bullets
 v - 38 bolts
Armour
 c - a +0 buckler (worn)
 t - a +0 chain mail (worn)
 u - a +0 pair of boots (worn)
Jewellery
 j - a ring of positive energy (left hand)
 w - an amulet of regeneration (around neck)
 x - an uncursed ring of ice
Scrolls
 h - 2 scrolls of teleportation
 q - 2 scrolls of magic mapping {unknown}
Potions
 g - a potion of flight
 i - a potion of lignification
 l - a potion of agility
 m - a potion of haste
 p - a potion of magic
 s - a potion of curing
Comestibles
 d - 5 chunks of flesh
 f - 12 rations


   Skills:
 + Level 6.8 Fighting
 * Level 2.3 Long Blades
   Level 1.0 Axes
 - Level 4.0 Armour
 - Level 1.0 Shields
   Level 2.6 Transmutations
   Level 1.7 Earth Magic
   Level 1.0 Evocations


You had 6 spell levels left.
You didn't know any spells.
Your spell library was empty.

Dungeon Overview and Level Annotations

Branches:
Dungeon (5/15)
 Temple: D:4-7

Annotations:
D:4 Menkaure


Innate Abilities, Weirdness & Mutations

You have an increased reservoir of magic. (+10% MP)


Message History

The ogre hits you with a giant club!
Items here: ))) [[ a scale mail; a hand axe; a robe; a dagger; a war axe You aren't carrying any items that you can evoke.
Unknown command.
You are now empty-handed.
Throwing (i - inventory)
n - 235 stones (quivered)
Press: ? - help, Shift-Dir - straight line, f - ogre
Aim: an ogre, wielding a giant club (almost dead)
You throw a stone. The stone hits the ogre.
The ogre is almost dead.
You block the ogre's attack.
The crimson imp blinks!
Throwing (i - inventory)
n - 234 stones (quivered)
Press: ? - help, Shift-Dir - straight line, f/p - ogre
Aim: an ogre, wielding a giant club (almost dead)
You throw a stone.
The stone hits the ogre but does no damage.
The ogre is almost dead.
The ogre hits you with a giant club!!
You die...

#.....#.)<# ##..##.#...#
#..#.......# #. .#
#..........## #.#.#
#...........# #(#.#
#...........# #...#
###...........# #..#
#######........#...##
####..###ยง[oO@..#......#...#
#.....o##5#######.#....#...#
#.....o..###..........#...#
#....#O..#.....#......#...#
#####........#...###......#...#
..)....(5.......# ..[....#...#
.....[...#.........##.....#...#
..)...........##.. .....#...#
.[<............. . .#...#...#


You could see an ogre, a crimson imp and an orc.

Vanquished Creatures
  Sigmund (D:2)
  A sky beast (D:5)
  A centaur (D:5)
  Blork the orc (D:4)
  2 centaur skeletons
  An orc priest (D:4)
  2 hounds
  3 orc wizards
  Terence (D:2)
  Natasha (thrice) (D:2)
  A worker ant (D:3)
  A worker ant zombie (D:5)
  4 gnolls
  8 adders
  2 shadow imps (D:5)
  An adder skeleton (D:5)
  4 worms
  A dart slug (D:3)
  4 leopard geckos
  10 orcs
  10 bats
  3 giant cockroaches
  6 hobgoblins
  11 jackals
  2 quokkas
  A ball python (D:3)
  4 frilled lizards
  9 goblins
  3 kobolds
  A quokka skeleton (D:4)
  5 rats
107 creatures vanquished.

Notes
Turn   | Place    | Note
-------+----------+-------------------------------------------
     0 | D:1      | ColorfulWitch the Demigod Wanderer began the quest for the Orb.
     0 | D:1      | ColorfulWitch set off with: a wand of flame (15), a +0 ring mail, a +0 buckler, a +0 club, a ration
     0 | D:1      | Reached XP level 1. HP: 16/16 MP: 3/3
   339 | D:1      | Reached skill level 2 in Fighting
   345 | D:1      | Reached XP level 2. HP: 18/24 MP: 5/5
  1148 | D:2      | Noticed Terence
  1712 | D:2      | Reached skill level 3 in Fighting
  1712 | D:2      | Reached XP level 3. HP: 29/31 MP: 6/6
  1927 | D:2      | Noticed Natasha
  1945 | D:2      | Killed Natasha
  2130 | D:2      | Noticed Natasha
  2149 | D:2      | Killed Natasha
  2149 | D:2      | Reached skill level 4 in Fighting
  2149 | D:2      | Reached XP level 4. HP: 40/40 MP: 7/7
  2280 | D:2      | Found a blossoming altar of Fedhas.
  2438 | D:2      | Noticed Natasha
  2444 | D:2      | Killed Natasha
  2598 | D:2      | Killed Terence
  2674 | D:2      | Reached XP level 5. HP: 41/47 MP: 8/8
  2901 | D:2      | Noticed Sigmund
  2910 | D:2      | Killed Sigmund
  2910 | D:2      | Reached skill level 5 in Fighting
  2910 | D:2      | Reached XP level 6. HP: 48/57 MP: 9/9
  2937 | D:2      | Found a basalt altar of Yredelemnul.
  2937 | D:2      | Found a glowing golden altar of the Shining One.
  2941 | D:2      | Noticed an angel
  2963 | D:2      | Found a shadowy altar of Dithmenos.
  3098 | D:2      | Noticed a profane servitor
  3214 | D:3      | Reached skill level 6 in Fighting
  3536 | D:3      | Found a burning altar of Makhleb.
  3736 | D:3      | Found a glowing silver altar of Zin.
  3736 | D:3      | Found a sparkling altar of Nemelex Xobeh.
  4034 | D:4      | Noticed Edmund
  4425 | D:4      | Noticed Blork the orc
  4451 | D:4      | Killed Blork the orc
  4662 | D:4      | Found a sacrificial altar of Ru.
  4713 | D:4      | Noticed Menkaure
  5294 | D:5      | Entered Level 5 of the Dungeon
  5410 | D:5      | Found a deep blue altar of Sif Muna.
  5506 | D:4      | Reached XP level 7. HP: 53/64 MP: 10/10
  6080 | D:5      | Reached skill level 1 in Long Blades
  6454 | D:5      | Slain by an ogre

Vault maps used:
D:1:      tarquinn_simple_flora_water_c
D:2:      grunt_temple_overflow_holy_war,
          nicolae_dithmenos_through_a_glass_darkly,
          lemuel_coloured_pillars_altar, first_ration, uniq_sigmund,
          uniq_terence, uniq_natasha
D:3:      gammafunk_temple_overflow_wave, makhleb_heckhound_becter
D:4:      nicolae_ru_great_annihilating_truth, uniq_blork_the_orc, uniq_edmund,
          uniq_menkaure
D:5:      lemuel_blue_sif_altar, minmay_temple_entry_poolview, serial_shops,
          shop

Skill      XL: |  1  2  3  4  5  6  7 |
---------------+----------------------+-----
Fighting       | 2 3 4 5 6 |  6.8
Armour         | 3 4 |  4.0
Long Blades    | 2 |  2.3
Axes           | |  1.0
Shields        | |  1.0
Transmutations | |  2.6
Earth Magic    | |  1.7
Evocations     | |  1.0

Action                   |  1- 3 |  4- 6 |  7- 9 || total
-------------------------+-------+-------+-------++-------
Melee: Club              |    77 |       |       ||    77
       Flail             |       |    13 |       ||    13
       Scimitar          |       |       |   105 ||   105
 Fire: Hunting sling     |    48 |   325 |    16 ||   389
Throw: Stone             |       |       |     2 ||     2
Evoke: Wand              |    14 |    11 |     1 ||    26
  Use: Scroll            |       |     8 |       ||     8
  Eat: Chunk             |     4 |    10 |     3 ||    17
Armor: Ring mail         |    61 |    15 |       ||    76
       Chain mail        |       |   118 |    92 ||   210
       Scale mail        |       |    10 |       ||    10
Dodge: Dodged            |    55 |   104 |    47 ||   206
Block: Buckler           |    20 |    51 |    16 ||    87
       Rpst.: Scimitar   |       |       |     6 ||     6

Table legend:
 A = Spawn XP
 B = Non-spawn XP
 C = Spawn XP percentage of total XP
 D = Spawn monster count
 E = Non-spawn monster count
 F = Spawn count percentage of total count
 G = Total turns spent on level
                    A         B        C        D         E        F      G
               +---------+---------+-------+---------+---------+-------+---------
         Total |       0 |    1388 |   0.0 |       0 |     107 |   0.0 |  6454
               +---------+---------+-------+---------+---------+-------+---------
           D:1 |       0 |      34 |   0.0 |       0 |      15 |   0.0 |  1444
           D:2 |       0 |     447 |   0.0 |       0 |      27 |   0.0 |  1735
           D:3 |       0 |     144 |   0.0 |       0 |      29 |   0.0 |  1152
           D:4 |       0 |     346 |   0.0 |       0 |      17 |   0.0 |  1588
           D:5 |       0 |     417 |   0.0 |       0 |      19 |   0.0 |   535
               +---------+---------+-------+---------+---------+-------+---------
